 Dungeon Crawl Stone Soup version 0.22-a0-283-g1871b15 (webtiles) character file.

348903 grindst0ne the Peltast (level 23, -29/152 HPs)
             Began as a Kobold Berserker on Mar 19, 2018.
             Was a High Priest of Trog.
             Killed by the air
             ... invoked by Sojobo
              (60 damage)
             ... on level 1 of the Crypt on Mar 20, 2018.
             The game lasted 02:11:56 (53746 turns).

grindst0ne the Peltast (Kobold Berserker)          Turns: 53746, Time: 02:11:57

Health: -29/152    AC: 33    Str: 21    XL:     23   Next: 19%
Magic:  27/27      EV: 21    Int: 15    God:    Trog [*****.]
Gold:   551        SH: 20    Dex: 21    Spells: 22/22 levels left

rFire    x . .     SeeInvis +   l - +3 demon whip of the Moon {slash, Dex+4}
rCold    + . .     Gourm    .   e - +3 shield {reflect}
rNeg     + + .     Faith    .   Q - +0 ice dragon scales
rPois    +         Spirit   .   A - +0 helmet "Ejan" {MR+ Dex-4 SInv}
rElec    +         Reflect  +   W - +1 cloak
rCorr    .         Harm     .   t - +0 pair of gloves "Rurghura" {rC- rN++}
MR       ++...                  Z - +2 pair of boots
Stlth    ..........             i - amulet of Fyirip {Acrobat rElec Dex+5}
HPRegen  0.35/turn              F - ring of poison resistance
MPRegen  0.20/turn              L - ring of Robustness {AC+8}

@: mighty, about to teleport, berserk cooldown, flying (expiring), slowed, very
slow
A: small, carnivore
}: 2/15 runes: decaying, serpentine
a: Berserk, Trog's Hand, Brothers in Arms, Renounce Religion


You were on level 1 of the Crypt.
You worshipped Trog.
Trog was extremely pleased with you.
You were not hungry.

You visited 7 branches of the dungeon, and saw 36 of its levels.
You also visited: Volcano.

You collected 4058 gold pieces.
You spent 3507 gold pieces at shops.

Inventory:

Hand Weapons
 b - the +6 demon whip of the Sugar Beet {pain, +Blink rC- MR- Int+10}
   (You acquired it on level 9 of the Dungeon)

   In the hands of one skilled in necromantic magic, it inflicts extra damage on
   living creatures.
   It affects your intelligence (+10).
   It makes you vulnerable to cold.
   It affects your resistance to hostile enchantments.
   It lets you blink.
 l - the +3 demon whip of the Moon (weapon) {slash, Dex+4}
   (Trog gifted it to you on level 3 of the Snake Pit)

   It inflicts extra damage upon your enemies.
   It affects your dexterity (+4).
Missiles
 X - 3 throwing nets (quivered)
Armour
 e - a +3 shield of reflection (worn)
 g - +0 fire dragon scales
 o - a +0 plate armour of fire resistance
 t - the +0 pair of gloves "Rurghura" (worn) {rC- rN++}
   (You bought it in a shop on level 9 of the Dungeon)

   It makes you vulnerable to cold.
   It greatly protects you from negative energy.
 A - the +0 helmet "Ejan" (worn) {MR+ Dex-4 SInv}
   (You bought it in a shop on level 9 of the Dungeon)

   It affects your dexterity (-4).
   It affects your resistance to hostile enchantments.
   It lets you see invisible.
 M - the +0 pair of gloves of the Turtle {Dex+4}
   (You bought it in a shop on level 9 of the Dungeon)

   It affects your dexterity (+4).
 Q - +0 ice dragon scales (worn)
 W - a +1 cloak (worn)
 Y - +0 swamp dragon scales
 Z - a +2 pair of boots (worn)
Jewellery
 d - an uncursed ring of positive energy
 i - the amulet of Fyirip (around neck) {Acrobat rElec Dex+5}
   (You acquired it in a volcano)

   [amulet of the acrobat]

   It helps you evade while moving and waiting.
   It affects your dexterity (+5).
   It insulates you from electricity.
 m - an uncursed ring of protection from fire
 F - a ring of poison resistance (left hand)
 J - an uncursed ring of see invisible
 L - the ring of Robustness (right hand) {AC+8}
   (You bought it in a shop on level 5 of the Dungeon)

   [ring of protection]

   It affects your AC (+8).
Wands
 f - a wand of enslavement (32)
 j - a wand of iceblast (23)
 B - a wand of paralysis (16)
 H - a wand of digging (4)
 U - a wand of flame (102)
Scrolls
 a - 2 scrolls of identify
 h - 8 scrolls of fog
 p - 8 scrolls of teleportation
 s - 4 scrolls of magic mapping
 v - 14 scrolls of remove curse
 x - 10 scrolls of enchant weapon
 y - a scroll of brand weapon
 C - a scroll of enchant armour
 D - a scroll of silence
 I - 3 scrolls of fear
Potions
 k - 2 potions of mutation
 n - 3 potions of brilliance
 q - a potion of resistance
 u - 4 potions of flight
 w - 6 potions of curing
 z - 2 potions of cancellation
 E - a potion of invisibility
 G - a potion of might
 K - 4 potions of magic
 N - a potion of ambrosia
Miscellaneous
 R - a phial of floods (inert)
 S - a lightning rod (2/4)
Comestibles
 c - 51 rations


   Skills:
 - Level 18.1 Fighting
   Level 2.4(9.5) Axes
 - Level 14.9(15.0) Maces & Flails
 - Level 16.2 Armour
 + Level 11.0 Dodging
 + Level 18.4 Shields
 - Level 6.0 Evocations


You had 22 spell levels left.
You didn't know any spells.

Dungeon Overview and Level Annotations

Branches:
Dungeon (15/15)            Temple (0/1) D:7            Lair (6/6) D:11
  Swamp (4/4) Lair:2        Snake (4/4) Lair:3        Slime (0/5) Lair:5
    Orc (2/2) D:9             Elf (0/3) Orc:2        Vaults (4/5) D:13
  Crypt (1/3) Vaults:2     Depths (0/5) D:15

Altars:
Cheibriados
Nemelex Xobeh
Qazlal
Xom
Beogh
Jiyva

Shops:
D:4 *   D:5 *?=(   D:9 :*([[   D:14 *   Orc:2 (:*([   Vaults:2 (!   Vaults:3 *

Portals:
Trove: Vaults:3 (give 17 potions of curing)

Annotations:
D:2 exclusion: downstairs
Crypt:1 Sojobo


Innate Abilities, Weirdness & Mutations

You are small and have problems with some larger weapons.
You are carnivorous and can eat meat at any time.


Message History

You eat one of the 52 rations.
That ration really hit the spot!
The winds around the air elemental start to calm down.
The vortex of raging winds lifts you up.
You fly up into the air.
The air elemental misses you.
The air elemental completely misses you.
The air elemental misses you.
Sojobo waves her feathered arms in wide circles.
The air twists around and violently strikes you in flight!
You block the air elemental's attack.
As you read the scroll of teleportation, it crumbles to dust.
You feel strangely unstable.
The winds around the air elemental start to calm down. x2
You block the air elemental's attack. x2
Sojobo waves her feathered arms in wide circles.
The air twists around and violently strikes you in flight!
* * * LOW HITPOINT WARNING * * *
The air elemental misses you.
Sojobo waves her feathered arms in wide circles.
The air twists around and violently strikes you in flight!
You die...

......#####.####...# #V.#
...................# #*e#
....############...##########Vz#
....# #..........V..zW# ....#
#.............Z.# ....#
#...........Z...# ....#
#...............# ...(##
#...............# .....#
#@######........# ......# #E#
#........# .......# #E#
#........# ........# #Q#
#........# ......... #V#
#........# ...... ....§§§E#
...... ...Q§§§.# ......
...##.§§. ...... .. #....


You could see Sojobo, a jiangshi and 3 air elementals.

Vanquished Creatures
  Boris (Crypt:1)
  Bai Suzhen (Snake:4)
  the Lernaean hydra (Swamp:4)
  A lich (Vaults:4)
  2 ancient champions (Crypt:1)
  2 sphinxes (Vaults:4)
  Gastronok (D:9)
  2 thorn hunters
  Donald (Swamp:1)
  3 tengu reavers
  A fire giant (Vaults:4)
  9 nagarajas
  5 vault wardens
  2 orc warlords (Orc:1)
  Aizul (Snake:3)
  A deep elf sorcerer (Vaults:1)
  A frost giant (Vaults:4)
  2 very ugly things (Vaults:4)
  12 ironheart preservers
  A ghoul (Crypt:1)
  2 stone giants
  3 entropy weavers
  A red draconian (Volcano)
  Snorg (Lair:5)
  2 ettins
  2 deep elf death magi
  A jiangshi (Crypt:1)
  8 yaktaur captains
  A quicksilver dragon zombie (Crypt:1)
  13 vault guards
  2 fire dragons (Vaults:2)
  3 great orbs of eyes
  3 ice dragons
  25 naga warriors
  23 hydras
  A rakshasa (Vaults:2)
  3 ghost crabs
  4 death knights
  9 centaur warriors
  37 two-headed ogres
  A dancing weapon (Vaults:4)
  9 alligators
  A catoblepas (Lair:6)
  12 ogre magi
  14 anacondas
  3 deep troll shamans
  Urug (D:10)
  3 death yaks (Lair:5)
  A tengu warrior (D:15)
  5 shock serpents
  A titan zombie (Crypt:1)
  16 naga sharpshooters
  An orc high priest (Orc:1)
  A soul eater (Crypt:1)
  3 shadow wraiths
  4 salamander mystics
  4 deep elf knights (Vaults:3)
  3 sea snakes (Snake:4)
  A glowing orange brain (Vaults:4)
  15 skeletal warriors
  2 unseen horrors
  6 wizards
  A spriggan druid (Swamp:4)
  10 deep trolls (Vaults:3)
  4 flayed ghosts
  7 naga ritualists
  5 deep elf archers
  9 swamp dragons
  11 orc knights
  Pikel (D:4)
  A necromancer (D:13)
  15 ironbrand convokers
  5 wolf spiders
  A faun (shapeshifter) (Vaults:2)
  13 mana vipers
  3 phantasmal warriors (Crypt:1)
  14 ugly things
  4 orc sorcerers
  11 deep elf magi
  2 manticores
  2 cyclopes
  12 elephants
  A salamander (shapeshifter) (Vaults:4)
  A frost giant skeleton (Crypt:1)
  Maurice (D:8)
  17 salamanders
  11 vault sentinels
  An ice statue (D:15)
  7 guardian serpents
  44 black mambas
  36 naga magi
  A black mamba (shapeshifter) (Vaults:4)
  A spiny frog (shapeshifter) (Vaults:2)
  2 molten gargoyles (Volcano)
  2 gargoyles
  37 spiny frogs
  8 komodo dragons
  21 yaktaurs
  A kobold demonologist (D:14)
  6 freezing wraiths
  A polar bear (shapeshifter) (Vaults:1)
  A pale draconian skeleton (Crypt:1)
  3 meliai (D:15)
  13 tyrant leeches
  9 trolls
  Prince Ribbit (D:6)
  A tengu conjurer (D:13)
  A jumping spider (Vaults:2)
  8 hornets
  17 bog bodies
  11 hippogriffs
  24 blink frogs
  A human simulacrum (Vaults:3)
  21 slime creatures
  Grinder (D:3)
  The ghost of grindst0ne the Skirmisher, an amateur KoBe of Trog (D:4)
  An iron dragon simulacrum (Crypt:1)
  A stone giant simulacrum (Vaults:1)
  9 redbacks
  3 shadows
  3 wyverns
  A wraith (Vaults:1)
  An ice dragon skeleton (Crypt:1)
  An ettin skeleton (Crypt:1)
  A spriggan (Swamp:2)
  20 humans (D:13)
  53 yaks
  A fire bat (Volcano)
  4 basilisks
  A steam dragon (Lair:3)
  4 hungry ghosts
  17 vampire mosquitoes
  18 swamp worms
  3 wargs
  23 insubstantial wisps
  50 nagas
  A faun zombie (Crypt:1)
  An acid dragon (shapeshifter) (Vaults:4)
  6 water moccasins
  7 porcupines
  16 swamp drakes
  51 orc warriors
  An eye of draining (D:15)
  3 phantoms
  An ice beast (shapeshifter) (Vaults:1)
  2 ice beasts
  4 slaves (D:4)
  5 boggarts (Vaults:3)
  3 necrophages
  38 ogres
  The ghost of p0werm0de the Skirmisher, an amateur DsWn of Cheibriados (D:3)
  A boggart (shapeshifter) (Vaults:1)
  10 wolves
  5 centaurs
  An elf simulacrum (Vaults:1)
  4 big kobolds
  10 crocodiles
  29 bullfrogs
  5 scorpions
  15 killer bees
  6 howler monkeys
  4 electric eels
  7 lava snakes (Volcano)
  5 crimson imps
  2 yaktaur simulacra
  3 quasits
  A basilisk zombie (Crypt:1)
  3 centaur zombies
  43 orc priests
  3 centaur skeletons
  10 hounds
  3 jellies
  2 bullfrog skeletons
  42 orc wizards
  5 iguanas
  9 worker ants
  A dwarf zombie (Crypt:1)
  A hound zombie (D:8)
  A worker ant zombie (D:10)
  Robin (D:2)
  8 adders
  7 gnolls
  3 shadow imps
  2 oozes
  2 adder zombies (D:7)
  2 adder skeletons
  A worm (D:2)
  2 dart slugs
  7 leopard geckos
  143 orcs
  7 bats
  7 giant cockroaches
  A gnoll zombie (Crypt:1)
  10 goblins
  11 hobgoblins
  5 jackals
  A quokka (D:8)
  2 frilled lizards
  23 kobolds
  A quokka skeleton (D:2)
  3 rats
  A briar patch (Swamp:4)
  A butterfly (Lair:1)
  2 fungi
  2 plants (Lair:6)
1585 creatures vanquished.

Vanquished Creatures (collateral kills)
  A vault warden (Vaults:1)
  3 ironheart preservers
  An ogre mage (Vaults:4)
  A yaktaur captain (Vaults:4)
  A vault sentinel (Vaults:4)
  2 yaktaurs (Vaults:4)
  2 ogres (Vaults:4)
11 creatures vanquished.

Vanquished Creatures (others)
  Vashnia (Snake:2)
  A tengu reaver (Crypt:1)
  Nessos (D:15)
  A yaktaur captain (Vaults:4)
  An alligator (Swamp:4)
  6 naga sharpshooters
  An ogre mage (Vaults:4)
  Sonja (Orc:2)
  2 shadow wraiths
  A deep elf archer (Vaults:1)
  A necromancer (Crypt:1)
  A salamander (Snake:4)
  2 naga magi (Snake:4)
  A black mamba (Snake:4)
  A spiny frog (Swamp:2)
  4 yaktaurs
  A wraith (Crypt:1)
  A naga (Snake:4)
  A swamp drake (Swamp:4)
  An ogre (Vaults:3)
  A centaur (D:14)
  A cyclops zombie (Crypt:1)
  A troll skeleton (Crypt:1)
  An orc priest (Orc:2)
  2 orcs (Orc:2)
  A crawling corpse (Crypt:1)
  26 fungi
  54 plants
117 creatures vanquished.

Grand Total: 1713 creatures vanquished

Notes
Turn   | Place    | Note
-------+----------+-------------------------------------------
     0 | D:1      | grindst0ne the Kobold Berserker began the quest for the Orb.
     0 | D:1      | Reached XP level 1. HP: 14/14 MP: 1/1
    65 | D:1      | Reached XP level 2. HP: 18/19 MP: 2/2
  1090 | D:1      | Reached XP level 3. HP: 24/24 MP: 3/3
  1213 | D:2      | Reached XP level 4. HP: 29/29 MP: 4/4
  1827 | D:2      | Noticed Robin
  1840 | D:2      | Reached ** piety under Trog
  1841 | D:2      | Reached XP level 5. HP: 34/34 MP: 3/5
  1844 | D:2      | Killed Robin
  2050 | D:3      | Noticed p0werm0de's ghost (amateur DsWn)
  2530 | D:3      | Reached skill level 5 in Fighting
  2721 | D:3      | Killed p0werm0de's ghost
  2721 | D:3      | Reached skill level 5 in Dodging
  2721 | D:3      | Reached XP level 6. HP: 40/40 MP: 4/6
  2831 | D:3      | Noticed Grinder
  2846 | D:3      | Killed Grinder
  2846 | D:3      | Reached XP level 7. HP: 38/46 MP: 3/7
  3807 | D:4      | Noticed Pikel
  3818 | D:4      | Killed Pikel
  3818 | D:4      | Reached XP level 8. HP: 54/54 MP: 5/8
  3876 | D:4      | Found a sparkling altar of Nemelex Xobeh.
  4111 | D:4      | Noticed grindst0ne's ghost (amateur KoBe)
  4125 | D:4      | Killed grindst0ne's ghost
  4125 | D:4      | Reached skill level 1 in Maces & Flails
  4210 | D:4      | Found Quza's General Store.
  4213 | D:4      | Bought a potion of curing for 30 gold pieces
  4213 | D:4      | Bought a scroll of remove curse for 30 gold pieces
  4213 | D:4      | Bought a scroll of enchant weapon for 75 gold pieces
  4572 | D:5      | Entered Level 5 of the Dungeon
  4572 | D:5      | Found Dyeror's Weapon Shop.
  4676 | D:5      | Found Xesifer's Jewellery Emporium.
  4687 | D:5      | Reached XP level 9. HP: 60/60 MP: 9/9
  5036 | D:5      | Found Haytitt's Assorted Antiques.
  5361 | D:5      | Found Hucapluxe's Magic Scroll Shoppe.
  5379 | D:5      | Bought a scroll of teleportation for 36 gold pieces
  5379 | D:5      | Bought a scroll of magic mapping for 42 gold pieces
  5379 | D:5      | Bought a scroll of fog for 24 gold pieces
  5464 | D:6      | Noticed Prince Ribbit
  5477 | D:6      | Killed Prince Ribbit
  5734 | D:6      | Reached *** piety under Trog
  5755 | D:6      | Reached skill level 10 in Dodging
  6296 | D:6      | Reached XP level 10. HP: 52/67 MP: 7/10
  6536 | D:7      | Reached skill level 10 in Fighting
  6579 | D:7      | Reached skill level 5 in Maces & Flails
  6950 | D:7      | Found a staircase to the Ecumenical Temple.
  7043 | D:7      | Reached skill level 1 in Shields
  7265 | D:7      | Reached **** piety under Trog
  7970 | D:8      | Noticed Maurice
  7983 | D:8      | Killed Maurice
  8580 | D:9      | Found Ciadghair's Antique Armour Shop.
  8613 | D:9      | Found Izurch's Armour Emporium.
  8613 | D:9      | Noticed a two-headed ogre
  8619 | D:9      | Killed a two-headed ogre
  8619 | D:9      | Reached XP level 11. HP: 74/74 MP: 11/11
  8720 | D:9      | Found a staircase to the Orcish Mines.
  8734 | D:9      | Found Gepp's Weapon Emporium.
  8839 | D:9      | Bought a pair of steaming gloves for 294 gold pieces
  8849 | D:9      | Identified the cursed +0 pair of gloves of the Turtle {Dex+4} (You bought it in a shop on level 9 of the Dungeon)
  8933 | D:9      | Found Qith's Assorted Antiques.
  9004 | D:9      | Noticed Gastronok
  9021 | D:9      | Killed Gastronok
  9227 | D:9      | Found Nizer's Book Shoppe.
  9504 | D:10     | Entered Level 10 of the Dungeon
  9524 | D:10     | Paralysed by a hornet for 1 turns
  9585 | D:10     | Reached ***** piety under Trog
  9713 | D:10     | Reached skill level 5 in Shields
  9766 | D:10     | Noticed Urug
  9792 | D:10     | Killed Urug
 10340 | D:10     | Reached XP level 12. HP: 82/82 MP: 12/12
 10468 | D:10     | Found a stormy altar of Qazlal.
 11052 | D:11     | Found a staircase to the Lair.
 12114 | D:12     | Reached skill level 1 in Evocations
 12184 | D:12     | Noticed an unseen horror
 12193 | D:12     | Received a gift from Trog
 12201 | D:12     | Killed an unseen horror
 12456 | D:12     | Noticed a centaur warrior
 12473 | D:12     | Killed a centaur warrior
 12842 | D:13     | Noticed a two-headed ogre
 12851 | D:13     | Killed a two-headed ogre
 13052 | D:13     | Noticed a wizard
 13059 | D:13     | Killed a wizard
 13059 | D:13     | Reached XP level 13. HP: 79/88 MP: 10/16
 13405 | Lair:1   | Entered Level 1 of the Lair of Beasts
 13701 | Lair:1   | Reached skill level 5 in Evocations
 13736 | Lair:1   | Reached skill level 10 in Maces & Flails
 14434 | Lair:2   | Noticed a four-headed hydra
 14442 | Lair:2   | Killed a four-headed hydra
 14511 | Lair:2   | Received a gift from Trog
 14668 | Lair:2   | Found a staircase to the Swamp.
 14970 | Lair:2   | Identified a scroll of acquirement
 15126 | D:9      | Bought a crude helmet for 294 gold pieces
 15136 | D:9      | Identified the +0 helmet "Ejan" {MR+ Dex-4 SInv} (You bought it in a shop on level 9 of the Dungeon)
 15148 | D:9      | Got a warped demon whip
 15149 | D:9      | Identified the +6 demon whip of the Sugar Beet {pain, +Blink rC- MR- Int+10} (You acquired it on level 9 of the Dungeon)
 15423 | Lair:3   | Found a staircase to the Snake Pit.
 16941 | Lair:4   | Reached XP level 14. HP: 45/96 MP: 18/18
 18443 | Lair:5   | Reached skill level 15 in Fighting
 18540 | Lair:5   | Received a gift from Trog
 18642 | Lair:5   | Found a staircase to the Slime Pits.
 18643 | Lair:5   | Found a viscous altar of Jiyva.
 18864 | Lair:5   | Noticed Snorg
 18882 | Lair:5   | Killed Snorg
 18950 | Lair:6   | Entered Level 6 of the Lair of Beasts
 19833 | Lair:6   | Got brightly glowing swamp dragon scales
 19883 | Lair:6   | Identified the cursed +1 swamp dragon scales of Compassion {rPois rF- Dex+4 Stlth+} (You found it on level 6 of the Lair of Beasts)
 20085 | Lair:6   | Reached skill level 10 in Shields
 20180 | Lair:6   | Reached XP level 15. HP: 104/104 MP: 19/19
 20482 | Lair:6   | Received a gift from Trog
 22078 | D:13     | Found a gate to the Vaults.
 22412 | D:14     | Found Zegirag's Assorted Antiques.
 22430 | D:14     | Found a snail-covered altar of Cheibriados.
 23359 | D:15     | Entered Level 15 of the Dungeon
 23392 | D:15     | Received a gift from Trog
 23591 | D:15     | Reached skill level 5 in Armour
 23760 | D:15     | Noticed Nessos
 23986 | D:15     | Found a staircase to the Depths.
 24169 | D:15     | Killed Nessos
 24169 | D:15     | Reached XP level 16. HP: 93/111 MP: 20/20
 24627 | Orc:1    | Entered Level 1 of the Orcish Mines
 25114 | Orc:1    | Found a roughly hewn altar of Beogh.
 25229 | Orc:2    | Entered Level 2 of the Orcish Mines
 25285 | Orc:2    | Found Axank's Assorted Antiques.
 25288 | Orc:2    | Found a shimmering altar of Xom.
 25437 | Orc:2    | Found a staircase to the Elven Halls.
 25567 | Orc:2    | Found a roughly hewn altar of Beogh.
 25582 | Orc:2    | Noticed Sonja
 25604 | Orc:2    | Killed Sonja
 25785 | Orc:2    | Found a dark tunnel.
 25791 | Volcano  | Entered a volcano
 25805 | Volcano  | Got a coiled pewter amulet
 25807 | Volcano  | Identified the amulet of Fyirip {Acrobat rElec Dex+5} (You acquired it in a volcano)
 26136 | Volcano  | Found a bloodstained altar of Trog.
 26163 | Volcano  | Received a gift from Trog
 26398 | Orc:2    | Found a roughly hewn altar of Beogh.
 26538 | Orc:2    | Found a roughly hewn altar of Beogh.
 26565 | Orc:2    | Found Uzebas's Weapon Shoppe.
 26587 | Orc:2    | Found a roughly hewn altar of Beogh.
 26673 | Orc:2    | Found a roughly hewn altar of Beogh.
 26674 | Orc:2    | Found Ofisairor's Book Shop.
 27039 | Orc:2    | Received a gift from Trog
 27083 | Orc:2    | Found Vupuffoo's Antique Weapon Shoppe.
 27084 | Orc:2    | Found a roughly hewn altar of Beogh.
 27085 | Orc:2    | Found Imamn's Antique Armour Emporium.
 27535 | Orc:1    | Paralysed by an orc sorcerer for 2 turns
 27541 | Orc:2    | Paralysed by an orc sorcerer for 7 turns
 28277 | Swamp:1  | Entered Level 1 of the Swamp
 28581 | D:5      | Bought the ring of Robustness {AC+8} for 1664 gold pieces
 28581 | D:5      | Found the ring of Robustness {AC+8}
 28860 | Swamp:1  | Identified Rogox's Volume of Dark Fire
 29090 | Swamp:1  | Noticed Donald
 29102 | Swamp:1  | Killed Donald
 29685 | Swamp:1  | Received a gift from Trog
 30095 | Swamp:2  | Reached XP level 17. HP: 88/117 MP: 21/21
 30723 | Swamp:2  | Noticed a thorn hunter
 30736 | Swamp:2  | Killed a thorn hunter
 31330 | Swamp:3  | Received a gift from Trog
 31795 | Swamp:4  | Entered Level 4 of the Swamp
 32795 | Swamp:4  | Received a gift from Trog
 32847 | Swamp:4  | Reached ****** piety under Trog
 33426 | Swamp:4  | Noticed a thorn hunter
 33443 | Swamp:4  | Killed a thorn hunter
 33474 | Swamp:4  | Noticed the 27-headed Lernaean hydra
 33486 | Swamp:4  | Killed the 27-headed Lernaean hydra
 33486 | Swamp:4  | Reached XP level 18. HP: 65/125 MP: 22/22
 33633 | Swamp:4  | Got a decaying rune of Zot
 33982 | Snake:1  | Entered Level 1 of the Snake Pit
 34200 | D:5      | Bought a scroll of acquirement for 624 gold pieces
 35548 | Snake:2  | Noticed Vashnia
 35881 | Snake:2  | Killed Vashnia
 35920 | Snake:2  | Received a gift from Trog
 36492 | Snake:2  | Reached skill level 10 in Armour
 37253 | Snake:3  | Reached XP level 19. HP: 121/130 MP: 23/23
 37536 | Snake:3  | Noticed Aizul
 37556 | Snake:3  | Killed Aizul
 37825 | Snake:3  | Received a gift from Trog
 37831 | Snake:3  | Got a polished demon whip {god gift}
 37832 | Snake:3  | Identified the +3 demon whip of the Moon {slash, Dex+4} (Trog gifted it to you on level 3 of the Snake Pit)
 38664 | Snake:4  | Entered Level 4 of the Snake Pit
 39696 | Snake:4  | Received a gift from Trog
 39697 | Snake:4  | Noticed Bai Suzhen
 39871 | Snake:4  | Killed Bai Suzhen
 41018 | Snake:4  | Reached skill level 15 in Shields
 41061 | Snake:4  | Reached XP level 20. HP: 91/136 MP: 24/24
 42747 | Snake:4  | Got a serpentine rune of Zot
 43139 | Vaults:1 | Entered Level 1 of the Vaults
 44124 | Vaults:1 | Received a gift from Trog
 45057 | Vaults:2 | Reached XP level 21. HP: 115/141 MP: 25/25
 45663 | Vaults:2 | Received a gift from Trog
 46286 | Vaults:2 | Found a staircase to the Crypt.
 46649 | Vaults:2 | Found Arid's Distillery.
 46656 | Vaults:2 | Bought a potion of agility for 76 gold pieces
 46656 | Vaults:2 | Bought a potion of curing for 57 gold pieces
 46656 | Vaults:2 | Bought a potion of curing for 57 gold pieces
 46968 | Vaults:2 | Found Keihy's Weapon Emporium.
 47146 | Vaults:2 | Received a gift from Trog
 47466 | Vaults:3 | Found a portal to a secret trove of treasure.
 47721 | Vaults:3 | Found Bonis's Assorted Antiques.
 48175 | Vaults:3 | Received a gift from Trog
 48594 | Vaults:3 | Reached skill level 15 in Armour
 48624 | Vaults:3 | Reached XP level 22. HP: 104/147 MP: 26/26
 49739 | Vaults:4 | Received a gift from Trog
 50883 | Vaults:4 | Received a gift from Trog
 51972 | D:9      | Bought the cursed +0 pair of gloves "Rurghura" {rC- rN++} for 204 gold pieces
 52392 | Crypt:1  | Entered Level 1 of the Crypt
 52747 | Crypt:1  | Noticed Sojobo
 52963 | Crypt:1  | Reached XP level 23. HP: 104/152 MP: 27/27
 53211 | Crypt:1  | Noticed Boris
 53265 | Crypt:1  | Killed Boris
 53746 | Crypt:1  | Killed from afar by Sojobo

Vault maps used:
D:1:      scummos_arrival_hexagon
D:2:      first_ration, uniq_robin
D:3:      uniq_grinder
D:4:      old_standard_altar, serial_shops, nicolae_shop_window_shopping,
          uniq_pikel
D:5:      serial_shops, shop, shop, nicolae_shop_overgrown_old_shop,
          nicolae_shop_waterfront, dk_rats_in_the_wall
D:6:      kennysheep_potato, uniq_prince_ribbit1
D:7:      minmay_temple_entry_butterflies, grunt_ogre_cave
D:8:      uniq_maurice
D:9:      orc_david_3, serial_shops, shop, kennysheep_mini_moat, shop,
          nicolae_shop_temple_entry_statues_fountains, uniq_gastronok
D:10:     nicolae_qazlal_general_emergency, uniq_urug
D:11:     lair_entry_dummy
D:12:     kennysheep_generic_room_4
D:13:     grunt_vaults_entry_tiered, bh_hangedman_babel_library
D:14:     serial_shops, nicolae_shop_statue_plus, amethyst_killhole,
          cheibriados_altar_1
D:15:     grunt_enter_depths_hoard, wad_floor_pattern_2, st_stairs_12,
          hex_medium, minivault_16, fungi_pond_lemuel, uniq_nessos
Lair:1:   ldierk_geyser, lemuel_fruit_fields
Lair:2:   swamp_mist_pool
Lair:3:   minmay_snake_entry_spellcaster, st_stairs_10,
          infiniplex_staircase_pool
Lair:4:   beast_lair_carwin_6
Lair:5:   slime_altar_1, infiniplex_staircase_pool_2, uniq_snorg
Lair:6:   minmay_lair_end_frog_pond, lemuel_old_faithful
Swamp:1:  hangedman_swamp_blocks, uniq_donald
Swamp:2:  serial_swamp_ruin, evilmike_swamp_ruin_house_1,
          evilmike_swamp_ruin_rubble_1
Swamp:3:  hangedman_swamp_diagram, swamp_pool1
Swamp:4:  grunt_swamp_rune_castle
Snake:2:  uniq_vashnia
Snake:3:  hangedman_snake_sidewinding, lemuel_fruit_tree, serial_bayou_shore_b,
          uniq_aizul
Snake:4:  snake_pit, spider_trap, serial_bayou_shore_a, uniq_bai_suzhen
Orc:1:    minmay_orc_temple_a
Orc:2:    grunt_orc_community_town_hall, grunt_orc_community_big_house_1,
          grunt_orc_community_big_house_2, grunt_orc_community_house_1,
          grunt_orc_community_house_2, grunt_orc_community_house_1,
          grunt_orc_community_house_1, grunt_orc_community_house_2,
          serial_shops, shop, basic_altar, enter_volcano_2, uniq_sonja
Vaults:1: v_misc_23, vaults_mumra_hexcomb, vaults_mumra_lcd,
          ontoclasm_vaults_ring_square, vaults_room_corners, v_misc_26,
          vaults_dpeg_hooks, v_alt_pattern_2, nicolae_vaults_ring_of_whatevers
Vaults:2: v_misc_1, ontoclasm_vaults_loading_screen, vaults_room_door_ring,
          v_misc_16, nicolae_vaults_fighting_squares,
          nicolae_vaults_little_squares_2, nicolae_vaults_little_squares_1,
          v_alt_pattern_5, blue_anna_dwarven_crypt, v_pattern_3,
          nicolae_vaults_what_the_h, nicolae_vaults_three_branches,
          ontoclasm_vaults_eye, serial_shops, shop, shop
Vaults:3: nicolae_vaults_meeting, hangedman_vaults_restitches, v_misc_3,
          nicolae_vaults_network_quinsquares, nicolae_vaults_diagonal_hallway_6,
          v_rooms_5, nicolae_vaults_little_ls, vaults_room_pools, v_misc_9,
          v_alt_pattern_3, v_misc_8, vaults_room_stairs_pillars,
          nicolae_vaults_little_squares_4, nicolae_trove_entry_columns,
          serial_shops, shop_fountains
Vaults:4: st_quartered_hall, ontoclasm_vaults_tryst,
          nicolae_vaults_shelves_hall, nicolae_vaults_stairing_the_circle,
          grunt_vaults_swirl, grunt_vaults_funnel, vaults_room_boxed,
          ontoclasm_vaults_bender, nicolae_vaults_little_squares_6,
          nicolae_vaults_little_squares_5, v_misc_29, grunt_vaults_focal,
          vaults_room_door_hall
Crypt:1:  uniq_boris, uniq_sojobo
Volcano:  volcano_lake

Skill      XL: |  1  2  3  4  5  6  7  8  9 10 11 12 13 14 15 16 17 18 19 20 21 22 23 |
---------------+----------------------------------------------------------------------+-----
Dodging        | 3 4 5 6 8 10 11 | 11.0
Fighting       | 4 5 6 7 8 9 11 12 13 14 15 16 17 18 | 18.1
Maces & Flails | 2 4 7 8 9 10 12 13 14 | 14.9
Armour         | 2 3 5 7 8 10 12 13 15 16 | 16.2
Shields        | 3 5 7 8 10 11 12 13 15 16 17 18 | 18.4
Evocations     | 4 6 |  6.0
Axes           | |  2.4

Action                   |  1- 3 |  4- 6 |  7- 9 | 10-12 | 13-15 | 16-18 | 19-21 | 22-24 || total
-------------------------+-------+-------+-------+-------+-------+-------+-------+-------++-------
Melee: Hand axe          |    47 |   136 |    93 |       |       |       |       |       ||   276
       Whip              |       |       |   223 |   853 |   218 |       |       |       ||  1294
       Demon whip        |       |       |       |       |  1198 |  2105 |  2512 |  1118 ||  6933
       Morningstar       |       |       |       |       |     8 |     8 |       |       ||    16
       Unarmed           |       |       |       |       |       |    20 |       |       ||    20
Invok: Berserk           |     1 |     6 |    17 |    37 |    47 |    39 |    33 |    12 ||   192
       Trog's Hand       |       |     2 |     4 |     7 |     6 |     9 |    27 |     8 ||    63
       Brothers in Arms  |       |       |       |       |       |       |       |     3 ||     3
Evoke: Wand              |       |       |       |    13 |    28 |     9 |     9 |     4 ||    63
       Lightning rod     |       |       |       |       |     4 |     4 |       |     5 ||    13
       Phial of floods   |       |       |       |       |     1 |     1 |     1 |     2 ||     5
       Sack of spiders   |       |       |       |       |     1 |     3 |       |       ||     4
  Use: Scroll            |       |     4 |     1 |     2 |    23 |    15 |     9 |     6 ||    60
       Potion            |       |     1 |     6 |     4 |     4 |     6 |    11 |     5 ||    37
 Stab: Sleeping          |       |       |       |       |     2 |       |       |       ||     2
       Distracted        |       |       |       |       |       |     2 |       |     1 ||     3
       Confused          |       |       |       |       |       |       |     5 |       ||     5
  Eat: Chunk             |     9 |     8 |    31 |    69 |    82 |    76 |    62 |    18 ||   355
       Ration            |       |       |       |     1 |       |     2 |    10 |     4 ||    17
Armor: Leather armour    |     8 |    24 |       |       |       |       |       |       ||    32
       Chain mail        |       |    14 |   153 |   235 |   165 |       |       |       ||   567
       Swamp dragon scal |       |       |       |       |    56 |   380 |   206 |       ||   642
       Fire dragon scale |       |       |       |       |       |    37 |       |       ||    37
       Ice dragon scales |       |       |       |       |       |       |   192 |   195 ||   387
Dodge: Dodged            |    44 |   111 |   216 |   497 |   538 |  1125 |  1028 |   400 ||  3959
Block: Buckler           |       |       |       |    62 |   559 |   426 |       |       ||  1047
       Reflection        |       |       |       |       |    18 |    67 |   180 |    30 ||   295
       Shield            |       |       |       |       |       |  1060 |  1729 |   746 ||  3535

Table legend:
 A = Spawn XP
 B = Non-spawn XP
 C = Spawn XP percentage of total XP
 D = Spawn monster count
 E = Non-spawn monster count
 F = Spawn count percentage of total count
 G = Total turns spent on level
                    A         B        C        D         E        F      G
               +---------+---------+-------+---------+---------+-------+---------
         Total |       0 |  614758 |   0.0 |       0 |    1614 |   0.0 | 53746
               +---------+---------+-------+---------+---------+-------+---------
           D:1 |       0 |      30 |   0.0 |       0 |      17 |   0.0 |  1190
           D:2 |       0 |     136 |   0.0 |       0 |      28 |   0.0 |  1321
           D:3 |       0 |     420 |   0.0 |       0 |      17 |   0.0 |   769
           D:4 |       0 |    1251 |   0.0 |       0 |      18 |   0.0 |  1292
           D:5 |       0 |     824 |   0.0 |       0 |      19 |   0.0 |  1106
           D:6 |       0 |    1546 |   0.0 |       0 |      44 |   0.0 |  1170
           D:7 |       0 |    1581 |   0.0 |       0 |      34 |   0.0 |  1286
           D:8 |       0 |    2089 |   0.0 |       0 |      31 |   0.0 |   906
           D:9 |       0 |    4986 |   0.0 |       0 |      30 |   0.0 |  1632
          D:10 |       0 |    4782 |   0.0 |       0 |      47 |   0.0 |  1395
          D:11 |       0 |    3310 |   0.0 |       0 |      21 |   0.0 |  1644
          D:12 |       0 |    5055 |   0.0 |       0 |      29 |   0.0 |  1005
          D:13 |       0 |   11898 |   0.0 |       0 |      55 |   0.0 |  1305
          D:14 |       0 |   12916 |   0.0 |       0 |      38 |   0.0 |  1186
          D:15 |       0 |    8246 |   0.0 |       0 |      16 |   0.0 |  1152
        Lair:1 |       0 |    5031 |   0.0 |       0 |      24 |   0.0 |  1497
        Lair:2 |       0 |    5484 |   0.0 |       0 |      17 |   0.0 |  1474
        Lair:3 |       0 |    6151 |   0.0 |       0 |      28 |   0.0 |  1189
        Lair:4 |       0 |    2836 |   0.0 |       0 |      12 |   0.0 |  1073
        Lair:5 |       0 |   12453 |   0.0 |       0 |      34 |   0.0 |  1432
        Lair:6 |       0 |   21690 |   0.0 |       0 |      77 |   0.0 |  1894
       Swamp:1 |       0 |    9082 |   0.0 |       0 |      23 |   0.0 |  1088
       Swamp:2 |       0 |   15936 |   0.0 |       0 |      34 |   0.0 |  1157
       Swamp:3 |       0 |   11723 |   0.0 |       0 |      34 |   0.0 |  1663
       Swamp:4 |       0 |   34744 |   0.0 |       0 |      70 |   0.0 |  1179
       Snake:1 |       0 |   22980 |   0.0 |       0 |      41 |   0.0 |  1344
       Snake:2 |       0 |   20745 |   0.0 |       0 |      30 |   0.0 |   998
       Snake:3 |       0 |   32799 |   0.0 |       0 |      56 |   0.0 |  2966
       Snake:4 |       0 |   80990 |   0.0 |       0 |     124 |   0.0 |  3129
         Orc:1 |       0 |    9195 |   0.0 |       0 |      67 |   0.0 |   804
         Orc:2 |       0 |   12410 |   0.0 |       0 |      92 |   0.0 |  1778
      Vaults:1 |       0 |   41852 |   0.0 |       0 |      72 |   0.0 |  2365
      Vaults:2 |       0 |   55567 |   0.0 |       0 |      84 |   0.0 |  2338
      Vaults:3 |       0 |   47896 |   0.0 |       0 |      86 |   0.0 |  1710
      Vaults:4 |       0 |   71352 |   0.0 |       0 |     108 |   0.0 |  2392
       Crypt:1 |       0 |   29299 |   0.0 |       0 |      41 |   0.0 |  1354
       Volcano |       0 |    5473 |   0.0 |       0 |      16 |   0.0 |   563
               +---------+---------+-------+---------+---------+-------+---------
